 Dungeon Crawl Stone Soup version 0.28-a0-834-g1a73be5ee4 (webtiles) character file.

Game seed: 16072933665627622323

14 Ijustatesigmund the Skirmisher (level 2, -1/20 HPs)
             Began as a Gargoyle Fighter on Nov 11, 2021.
             Slain by a quokka (3 damage)
             ... on level 1 of the Dungeon.
             The game lasted 00:00:39 (111 turns).

Ijustatesigmund the Skirmisher (Gargoyle Fighter)    Turns: 111, Time: 00:00:39

Health: -1/20      AC:  9    Str: 19    XL:     2   Next: 45%
Magic:  2/2        EV:  9    Int:  8    God:
Gold:   0          SH:  4    Dex:  9    Spells: 1/1 levels left

rFire   . . .      SeeInvis .   a - +0 flail
rCold   . . .      Faith    .   c - +0 buckler
rNeg    + . .      Spirit   .   b - +0 scale mail
rPois   ∞          Reflect  .   (no helmet)
rElec   +          Harm     .   (no cloak)
rCorr   .          Rampage  .   (no gloves)
Will    .....                   (no boots)
Stlth   ..........              (no amulet)
HPRegen 0.06/turn               (no ring)
MPRegen 0.08/turn               (no ring)

@: mighty
A: sickness immunity, AC +2, negative energy resistance 1, electricity
resistance, torment resistance 1, petrification resistance
a: no special abilities


You were on level 1 of the Dungeon.
You visited 1 branch of the dungeon, and saw 1 of its levels.

Inventory:

Hand Weapons
 a - a +0 flail (weapon)
Armour
 b - a +0 scale mail (worn)
 c - a +0 buckler (worn)


   Skills:
 + Level 3.7 Fighting
 + Level 2.5 Maces & Flails
 - Level 3.2 Armour
 - Level 3.2 Shields


You had one spell level left.
You didn't know any spells.
Your spell library was empty.

Dungeon Overview and Level Annotations

Branches:
Dungeon (1/15)

Altars:


Innate Abilities, Weirdness & Mutations

You are immune to sickness and miasma.
Your stone body is resilient. (AC +2)
You are immune to poison.
You resist negative energy. (rN+)
You are resistant to electric shocks. (rElec)
You are resistant to unholy torment.
You are immune to petrification.


Message History

You are too injured to fight recklessly!
You are too injured to fight recklessly!
You are too injured to fight recklessly!
You are too injured to fight recklessly!
Unknown command.
You closely miss the ball python.
The ball python is severely wounded.
The ball python bites you. The ball python constricts you.
The ball python bites you but does no damage.
The quokka barely misses you. You block the kobold's attack.
You block the ball python's attack. The ball python constricts you.
You block the ball python's attack.
You feel very mighty all of a sudden.
The quokka bites you but does no damage.
You block the kobold's attack.
The ball python bites you but does no damage.
The ball python constricts you.
The ball python bites you but does no damage.
The quokka barely misses you.
You thump the ball python!
You kill the ball python!
The kobold hits you with a +0 whip.
* * * LOW HITPOINT WARNING * * *
The ball python barely misses you. The ball python closely misses you.
You block the quokka's attack. The kobold hits you with a +0 whip.
* * * LOW HITPOINT WARNING * * *
You sock the ball python!
You kill the ball python!
The quokka bites you but does no damage.
The kobold barely misses you. You block the quokka's attack.
The dart slug bites you but does no damage.
You sock the dart slug!
You kill the dart slug!
The quokka bites you but does no damage.
The kobold barely misses you.
You sock the kobold!
You kill the kobold!
The quokka closely misses you. You block the quokka's attack.
You completely miss the quokka. The quokka bites you.
You die...

.........##..≈.....≈≈.≈.≈≈......
..........#..≈.....≈.>≈..≈.....#
.............≈..≈≈.≈.≈≈..≈......
........#....≈..≈<.≈.....≈......
........###..≈≈.≈.≈≈.....≈......
....#...........≈........≈......
####..#.#.......≈≈≈≈≈≈≈≈≈≈......
#.##.#.......................
#.##.#.....†@...#............
#.#........).r.......##......
................##### ......
....................
...#####.....$....## .##
#...[......# ...............#
..###..........# #..........#


You could see a quokka.

Vanquished Creatures
  A dart slug (D:1)
  An endoplasm (D:1)
  A giant cockroach (D:1)
  A kobold (D:1)
  6 ball pythons (D:1)
  3 bats (D:1)
  A rat (D:1)
14 creatures vanquished.

Notes
Turn   | Place    | Note
-------+----------+-------------------------------------------
     0 | D:1      | Ijustatesigmund the Gargoyle Fighter began the quest for
                  | the Orb.
     0 | D:1      | Reached XP level 1. HP: 14/14 MP: 1/1
    71 | D:1      | Reached XP level 2. HP: 19/19 MP: 2/2
   111 | D:1      | Slain by a quokka

Illustrated notes

Levels and vault maps discovered:
D:1:      ebering_trefoil_twist, layout_rooms, serial_shops, nicolae_square_shop

Action                   || total
-------------------------++-------
Melee: Flail             ||    29
  Use: Potion            ||     1
Armor: Scale mail        ||    20
Dodge: Dodged            ||    27
Block: Buckler           ||    15

Table legend: (Time is in decaauts)
 A = Elapsed time spent in this place.
 B = Non-inter-level travel time spent in this place.
 C = Inter-level travel time spent in this place.
 D = Time resting spent in this place.
 E = Time spent auto-exploring this place.
 F = Levels seen in this place.
 G = Mean time per level.
                   A        B        C        D        E       F      G
               +--------+--------+--------+--------+--------+-----+--------+
         Total |    120 |    120 |      0 |      0 |     50 |   1 |  120.0 |
       Dungeon |    120 |    120 |      0 |      0 |     50 |   1 |  120.0 |
               +--------+--------+--------+--------+--------+-----+--------+

Top non-repeatable levels by time:
     D:1: 120 daAuts
